 Dungeon Crawl Stone Soup version 0.31-a0-7-g51783674b7 (webtiles) character file.

Game seed: 16113912007797774479

66540 juan097 the Warrior (level 15, -7/120 HPs)
             Began as a Djinni Venom Mage on May 5, 2023.
             Was the Champion of Elyvilon.
             Mangled by a phantasmal warrior (27 damage)
             ... led by a death knight
             ... on level 12 of the Dungeon.
             The game lasted 02:12:30 (23581 turns).

juan097 the Warrior (Djinni Venom Mage)            Turns: 23581, Time: 02:12:31

Health: -7/120     AC: 11    Str:  7    XL:     15   Next: 62%
Gold:   1281       EV: 18    Int: 26    God:    Elyvilon [******] SH:  0 Dex: 21

rFire   + + +        a - +2 dagger (elec)
rCold   + + .        (no shield)
rNeg    . . .        W - +3 leather armour {rC+}
rPois   ∞            b - +2 helmet {Int+3}
rElec   .            (no cloak)
rCorr   +            D - +0 pair of gloves
SInv    .            (boots unavailable)
Will    .....        Z - amulet of regeneration
Stlth   ++++         v - +6 ring of dexterity
HPRegen 1.20/turn    O - ring of Agipep {rF+ rC++ rCorr MP+9 Stlth+, =R}
MPRegen 0.00/turn

%: infuse magic (-8 HP)
@: weak-willed, flying
A: sickness immunity, fire resistance 2, cold vulnerability 1, float, innate
caster, HP casting, extra vitality 1
a: Renounce Religion, Purification, Heal Other, Heal Self, Divine Vigour


You were on level 12 of the Dungeon.
You worshipped Elyvilon.
Elyvilon was exalted by your worship.
You visited 3 branches of the dungeon, and saw 19 of its levels.
You also visited: Ossuary.

You collected 2536 gold pieces.
You spent 1255 gold pieces at shops.

Inventory:

Hand Weapons
 a - a +2 dagger of electrocution (weapon)
Missiles
 r - 2 javelins
 B - 24 boomerangs
 I - 6 atropa-tipped darts
 K - 3 throwing nets
 M - 28 poisoned darts
Armour
 b - a +2 helmet of intelligence (worn)
 D - a +0 pair of gloves (worn)
 W - a +3 leather armour of cold resistance (worn)
 X - the +0 robe "Arusal" {rF- Will++ rCorr}
   (You bought it in a shop on level 5 of the Dungeon)

   rF:        It makes you vulnerable to fire.
   rCorr:     It protects you from acid and corrosion.
   Will:      It greatly increases your willpower.
Jewellery
 k - a ring of fire
 v - a +6 ring of dexterity (left hand)
 F - a ring of willpower
 O - the ring of Agipep (right hand) {rF+ rC++ rCorr MP+9 Stlth+, =R}
   (You found it on level 8 of the Dungeon)

   [ring of resist corrosion]

   rF:        It protects you from fire.
   rC:        It greatly protects you from cold.
   MP:        It affects your magic capacity (+9).
   rCorr:     It protects you from acid and corrosion.
   Stlth:     It makes you more stealthy.
 U - a ring of positive energy
 Z - an amulet of regeneration (around neck)
Wands
 m - a wand of mindburst (3)
 y - a wand of flame (67)
 E - a wand of digging (8)
 G - a wand of charming (9)
 L - a wand of iceblast (15)
 T - a wand of light (5)
Scrolls
 d - 13 scrolls of teleportation
 e - 3 scrolls of silence
 j - 2 scrolls of enchant weapon
 l - 4 scrolls of brand weapon
 o - 5 scrolls of fog
 s - 2 scrolls of fear
 u - a scroll of poison
 x - a scroll of butterflies
 J - 2 scrolls of blinking
 N - 2 scrolls of identify
 R - 3 scrolls of immolation
 V - 4 scrolls of magic mapping
Potions
 c - 4 potions of heal wounds
 g - 10 potions of mutation
 h - 12 potions of ambrosia
 n - 3 potions of berserk rage
 p - 5 potions of might
 q - 3 potions of brilliance
 w - 12 potions of curing
 z - 2 potions of cancellation
 A - a potion of invisibility
 H - 5 potions of attraction
 P - 3 potions of resistance
 S - 6 potions of lignification
Miscellaneous
 f - a lightning rod (4/4)
 t - a phial of floods


   Skills:
 + Level 15.0 Fighting
 + Level 9.6 Short Blades
 - Level 5.0 Armour
 - Level 10.0 Dodging
 - Level 6.0 Stealth
 + Level 9.2 Spellcasting
 - Level 10.0 Invocations
 - Level 4.0 Evocations


You knew the following spells:

 Your Spells              Type           Power      Damage    Failure   Level
a - Sting                 Tmut/Pois      100%       1d8       1%          1
b - Poisonous Vapours     Pois/Air       100%       N/A       1%          2
c - Mephitic Cloud        Conj/Pois/Air  56%        N/A       1%          3
d - Olgreb's Toxic Radia  Pois           56%        N/A       1%          4
e - Magic Dart            Conj           100%       1d8       1%          1
f - Static Discharge      Conj/Air       100%       2-7/arc   1%          2
g - Portal Projectile     Hex/Tloc       100%       N/A       1%          3
h - Summon Guardian Gole  Hex/Summ       56%        N/A       1%          3
i - Borgnjor's Vile Clut  Necr/Erth      28%        N/A       4%          5
j - Yara's Violent Unrav  Hex/Tmut       28%        3d12      4%          5
k - Death Channel         Necr           28%        N/A       24%         6
Your spell library was empty.

Dungeon Overview and Level Annotations

Branches:
Dungeon (12/15)            Temple (0/1) D:4            Lair (5/5) D:9
  Swamp (0/4) Lair:2        Snake (0/4) Lair:2        Slime (0/5) Lair:5
    Orc (2/2) D:10            Elf (0/3) Orc:2       Ossuary (visited)

Altars:
Elyvilon
Fedhas
Okawaru
Qazlal
Zin
Jiyva

Shops:
D:5 [[:[?   D:9 *   Orc:1 ?   Orc:2 ([*=

Annotations:
D:2 Sigmund
Orc:1 1 runed translucent door


Innate Abilities, Weirdness & Mutations

You are immune to sickness and miasma.
You are immune to poison.
Your flesh is very heat resistant. (rF++)
You are vulnerable to cold. (rC-)
You float through the air rather than walking.
You learn spells naturally, not from books.
Your magical power is your life essence.
You have superior vitality. (+4 MHP)


Message History

The phantasmal warrior gestures at you.
The phantasmal warrior blinks!
You hit the phantasmal warrior but do no damage.
The phantasmal warrior is moderately damaged.
The phantasmal warrior misses you.
You hit the phantasmal warrior but do no damage.
The phantasmal warrior is moderately damaged.
The phantasmal warrior barely misses you.
You hit the phantasmal warrior but do no damage.
The phantasmal warrior is moderately damaged.
You hit the phantasmal warrior but do no damage.
The phantasmal warrior is moderately damaged.
The phantasmal warrior misses you.
You hit the phantasmal warrior but do no damage.
The phantasmal warrior is moderately damaged.
You barely miss the phantasmal warrior.
The phantasmal warrior is moderately damaged.
The phantasmal warrior hits you!!
* * * LOW HITPOINT WARNING * * *
You are healed.
The phantasmal warrior misses you.
You hit the phantasmal warrior but do no damage.
The phantasmal warrior is moderately damaged.
You hit the phantasmal warrior but do no damage.
The phantasmal warrior is moderately damaged.
The phantasmal warrior hits you but does no damage.
You closely miss the phantasmal warrior.
The phantasmal warrior is moderately damaged.
You hit the phantasmal warrior.
The phantasmal warrior is moderately damaged.
The phantasmal warrior hits you!
* * * LOW HITPOINT WARNING * * *
You hit the phantasmal warrior.
The phantasmal warrior is heavily damaged.
You completely miss the phantasmal warrior.
The phantasmal warrior is heavily damaged.
The phantasmal warrior hits you!
* * * LOW HITPOINT WARNING * * *
The phantasmal warrior attacks as you move away!
The phantasmal warrior hits you!!
You die...

....##...###......#
...####......[....#
....####....).....#
##...###.....#....#
##........####...#
###.....## ##..#
##....# #.## #
####...# #.#
########..
####......# #@#
##.........
#........## #W#
#......W...
..######## #.#
##.W.##..... .##
##9## ##..####.z...
## ##...###.z##
#W..##
###....#..p## #..##
##....###W.## #..#
#....## #p## #..#
#########...## #.##
#..#


You could see a phantasmal warrior (ally target) and a friendly guardian golem
(summoned).

Vanquished Creatures
  Gastronok (D:10)
  An orc warlord (Orc:2)
  Josephine (Orc:2)
  An ettin (Orc:2)
  2 hydras
  Harold (Orc:1)
  An ogre mage (Orc:1)
  A death knight (D:12)
  7 two-headed ogres
  A boulder beetle (Lair:3)
  2 orc high priests (Orc:2)
  4 death yaks
  Nergalle (D:11)
  A skyshark (Lair:3)
  2 fire crabs (Lair:1)
  A swamp dragon (Lair:5)
  Pikel (D:7)
  2 orc knights (Orc:2)
  4 orc sorcerers (Orc:2)
  An oklob plant (Lair:4)
  A wolf spider (Lair:5)
  A manticore (D:11)
  Maurice (D:10)
  Joseph (D:7)
  An elephant (Lair:1)
  8 black mambas
  14 cane toads
  2 unseen horrors
  2 rime drakes
  Maggie (D:9)
  9 komodo dragons
  9 trolls
  A queen bee (D:10)
  4 hornets
  9 blink frogs
  3 basilisks
  17 wyverns
  18 yaks
  A wraith (D:11)
  7 steam dragons
  A redback (Lair:5)
  3 wargs (Orc:2)
  2 two-headed ogre zombies (D:10)
  6 swamp worms (Lair:2)
  13 water moccasins
  An acid dragon (D:9)
  2 sky beasts
  3 black bears
  A swamp drake (Lair:5)
  9 ogres
  25 orc warriors
  4 wolves (Lair:1)
  5 centaurs
  2 lemures (D:7)
  2 kobold brigands
  7 bullfrogs
  2 gnoll sergeants
  5 scorpions
  3 wights
  43 killer bees
  2 troll zombies (D:10)
  4 electric eels
  6 howler monkeys
  3 centaur zombies (Ossuary)
  3 human zombies (Ossuary)
  11 orc priests
  2 jellies
  5 hounds
  Jessica (D:2)
  15 orc wizards
  A sleepcap (D:4)
  Ijyb (D:5)
  9 iguanas
  2 ogre zombies (D:10)
  A hound zombie (Ossuary)
  3 mummies (Ossuary)
  Robin (D:2)
  8 adders
  24 gnolls
  4 shadow imps
  A white imp (D:7)
  2 adder zombies (Ossuary)
  A worm (D:2)
  3 dart slugs
  46 orcs
  10 ball pythons
  5 endoplasms
  A giant cockroach (D:4)
  15 goblins
  11 hobgoblins
  2 quokkas (D:1)
  2 bats
  2 frilled lizards
  2 gnoll zombies (Ossuary)
  2 goblin skeletons (D:10)
  7 goblin zombies
  A hobgoblin skeleton (D:10)
  6 hobgoblin zombies
  2 jackal zombies (Ossuary)
  15 kobolds
  3 kobold zombies (Ossuary)
  2 orc skeletons (D:10)
  12 orc zombies
  2 quokka zombies (Ossuary)
  7 rats
  3 rat zombies (Ossuary)
556 creatures vanquished.

Vanquished Creatures (others)
  A dire elephant (Lair:1)
  A hydra (Lair:1)
  A skyshark (Lair:5)
  The ghost of thug444 the Cudgeller, a novice OgFi (D:5)
  A wolf spider (Lair:5)
  A guardian serpent (Lair:5)
  3 black mambas
  3 cane toads
  A gargoyle (D:12)
  2 komodo dragons
  A tyrant leech (Lair:2)
  3 shadows
  5 wraiths
  A yak (Lair:1)
  2 nagas (Lair:2)
  4 acid dragons
  8 water moccasins
  A black bear (Lair:1)
  3 ice beasts
  A wolf (Lair:1)
  A kobold brigand (D:10)
  5 wights
  A troll zombie (D:10)
  An ogre zombie (D:10)
  2 goblin skeletons (D:10)
  A hobgoblin zombie (D:10)
  2 orc skeletons (D:10)
  4 orc zombies (D:10)
  43 fungi
  80 plants
  10 withered plants (Lair:5)
194 creatures vanquished.

Grand Total: 750 creatures vanquished

Notes
Turn   | Place    | Note
-------+----------+-------------------------------------------
     0 | D:1      | juan097 the Djinni Venom Mage began the quest for the Orb.
     0 | D:1      | juan097 set off with the following spells memorised: Sting,
                  | Poisonous Vapours, Mephitic Cloud, Olgreb's Toxic Radiance.
     0 | D:1      | Reached XP level 1. HP: 15/15 MP: 0/0
   190 | D:1      | Reached XP level 2. HP: 18/22 MP: 0/0
   546 | D:1      | Reached skill level 1 in Fighting
  1005 | D:2      | Noticed Jessica
  1011 | D:2      | Killed Jessica
  1012 | D:2      | Reached XP level 3. HP: 9/28 MP: 0/0
  1012 | D:2      | Learned a level 1 spell: Magic Dart
  1124 | D:2      | Reached XP level 4. HP: 28/33 MP: 0/0
  1311 | D:2      | Noticed Robin
  1586 | D:2      | Reached skill level 2 in Fighting
  1799 | D:2      | Identified the +3 plate armour of the Ecumenical Temple
                  | {Int+3}
  2048 | D:2      | Reached XP level 5. HP: 31/38 MP: 0/0
  2048 | D:2      | Learned a level 2 spell: Static Discharge
  2431 | D:2      | Noticed Sigmund
  2719 | D:2      | Killed Robin
  2961 | D:3      | Identified the -2 cloak of the Gate {Str+2}
  3073 | D:3      | Found a white marble altar of Elyvilon.
  3262 | D:3      | Found a faded altar of an unknown god.
  3501 | D:3      | Found a glowing silver altar of Zin.
  3510 | D:3      | Found an iron altar of Okawaru.
  3659 | D:3      | Became a worshipper of Elyvilon the Healer
  3728 | D:4      | Reached XP level 6. HP: 39/45 MP: 0/0
  3762 | D:4      | Reached skill level 3 in Fighting
  3980 | D:4      | Found a staircase to the Ecumenical Temple.
  4181 | D:4      | Reached * piety under Elyvilon
  4324 | D:4      | Reached XP level 7. HP: 45/50 MP: 0/0
  4324 | D:4      | Learned a level 3 spell: Portal Projectile
  4560 | D:5      | Entered Level 5 of the Dungeon
  4572 | D:5      | Noticed a water moccasin
  4600 | D:5      | Found Pepof's Magic Scroll Emporium.
  4600 | D:5      | Found Veydghuw's Book Shoppe.
  4648 | D:5      | Bought a scroll of poison for 56 gold pieces
  4648 | D:5      | Bought a scroll of fear for 56 gold pieces
  4648 | D:5      | Bought a scroll of identify for 28 gold pieces
  4650 | D:5      | Bought a scroll of identify for 28 gold pieces
  4650 | D:5      | Bought a scroll of identify for 28 gold pieces
  4711 | D:5      | Noticed a water moccasin
  4721 | D:5      | Killed a water moccasin
  4722 | D:5      | Reached skill level 4 in Fighting
  4792 | D:5      | Found a transporter.
  4797 | D:5      | Found a transporter.
  4879 | D:5      | Found a stormy altar of Qazlal.
  4979 | D:5      | Found Layjulol's Armour Shop.
  5317 | D:5      | Found Miasyr's Antique Armour Emporium.
  5338 | D:5      | Killed a water moccasin
  5339 | D:5      | Reached skill level 5 in Fighting
  5339 | D:5      | Reached XP level 8. HP: 43/59 MP: 0/0
  5516 | D:5      | Found Mepnogh's Armour Shoppe.
  5523 | D:5      | Noticed Ijyb
  5540 | D:5      | Killed Ijyb
  5587 | D:5      | Reached skill level 5 in Spellcasting
  5767 | D:6      | Reached skill level 1 in Armour
  5846 | D:6      | Noticed a troll
  5876 | D:6      | Killed a troll
  5950 | D:6      | Reached ** piety under Elyvilon
  6629 | D:6      | Reached skill level 6 in Fighting
  6629 | D:6      | Reached XP level 9. HP: 57/66 MP: 0/0
  6629 | D:6      | Learned a level 3 spell: Summon Guardian Golem
  6893 | D:7      | Reached skill level 1 in Invocations
  7243 | D:7      | Noticed a hornet
  7295 | D:7      | Killed a hornet
  7296 | D:7      | Reached skill level 7 in Fighting
  7306 | D:7      | Noticed Joseph
  7361 | D:7      | Killed Joseph
  7362 | D:7      | Reached XP level 10. HP: 42/75 MP: 0/0
  7863 | D:7      | Reached skill level 8 in Fighting
  7863 | D:7      | Reached skill level 5 in Invocations
  7978 | D:7      | Noticed Pikel
  7995 | D:7      | Killed Pikel
  8259 | D:8      | Reached *** piety under Elyvilon
  8377 | D:8      | Identified the ring of Agipep {rF+ rC++ rCorr MP+9 Stlth+}
  8589 | D:8      | Identified the +1 ring mail of Mafyliur {*Corrode Str+8
                  | Int-4 Dex+2}
  8716 | D:8      | Found a sand-covered staircase.
  8738 | Ossuary  | Entered an ossuary
  9215 | Ossuary  | Reached skill level 5 in Dodging
  9622 | D:8      | Reached skill level 1 in Short Blades
  9622 | D:8      | Reached XP level 11. HP: 76/82 MP: 0/0
  9622 | D:8      | Learned a level 5 spell: Borgnjor's Vile Clutch
  9625 | D:8      | Identified the +3 ring mail of the Barnacle {rPois}
  9904 | D:5      | Bought a ripped robe for 136 gold pieces
  9904 | D:5      | Identified the +0 robe "Arusal" {rF- Will++ rCorr} (You
                  | bought it in a shop on level 5 of the Dungeon)
  9974 | D:5      | Bought a scroll of identify for 28 gold pieces
  9998 | D:5      | Noticed thug444's ghost (novice OgFi)
 10028 | D:5      | Killed thug444's ghost
 10474 | D:9      | Identified the +1 chain mail of the Sun {Slay+3}
 10526 | D:9      | Reached skill level 9 in Fighting
 10720 | D:9      | Found a staircase to the Lair.
 10758 | D:9      | Noticed Maggie
 10768 | D:9      | Killed Maggie
 11732 | D:9      | Found Qezoumat's General Store.
 11740 | D:9      | Bought a scroll of blinking for 97 gold pieces
 11740 | D:9      | Bought a potion of heal wounds for 65 gold pieces
 12099 | Lair:1   | Entered Level 1 of the Lair of Beasts
 12174 | Lair:1   | Identified the +5 halberd of Disaster {freeze, *Rage rCorr
                  | Str+8}
 12185 | Lair:1   | Noticed a six-headed hydra
 12210 | Lair:1   | Killed a six-headed hydra
 12406 | Lair:1   | Reached **** piety under Elyvilon
 12606 | Lair:1   | Reached skill level 10 in Fighting
 12606 | Lair:1   | Reached XP level 12. HP: 61/91 MP: 0/0
 12633 | Lair:1   | Noticed a death yak
 12648 | Lair:1   | Noticed a death yak
 12648 | Lair:1   | Noticed a death yak
 12655 | Lair:1   | Killed a death yak
 12744 | D:10     | Entered Level 10 of the Dungeon
 12783 | D:10     | Found a staircase to the Orcish Mines.
 13229 | D:10     | Reached skill level 5 in Short Blades
 13298 | D:10     | Reached ***** piety under Elyvilon
 13461 | D:10     | Noticed Gastronok
 13498 | D:10     | Killed Gastronok
 13499 | D:10     | Reached skill level 11 in Fighting
 13511 | D:10     | Noticed Maurice
 13521 | D:10     | Killed Maurice
 13786 | Orc:1    | Entered Level 1 of the Orcish Mines
 13801 | Orc:1    | Noticed Harold
 13802 | Orc:1    | Noticed a two-headed ogre
 13816 | Orc:1    | Noticed a two-headed ogre
 13826 | Orc:1    | Noticed an ogre mage
 13830 | Orc:1    | Noticed a two-headed ogre
 13837 | Orc:1    | Killed an ogre mage
 13837 | Orc:1    | Killed a two-headed ogre
 13838 | Orc:1    | Reached skill level 12 in Fighting
 13840 | Orc:1    | Killed a two-headed ogre
 13846 | Orc:1    | Reached XP level 13. HP: 40/101 MP: 0/0
 13846 | Orc:1    | Learned a level 5 spell: Yara's Violent Unravelling
 13850 | Orc:1    | Found Imotzo's Magic Scroll Emporium.
 13857 | Orc:1    | Killed Harold
 14000 | Orc:1    | Bought a scroll of fog for 68 gold pieces
 14099 | Orc:2    | Entered Level 2 of the Orcish Mines
 14134 | Orc:2    | Reached skill level 5 in Stealth
 14390 | Orc:2    | Found Cuika's Antique Weapon Shoppe.
 14485 | Orc:2    | Found Dinnoynn's Antique Armour Shoppe.
 14667 | Orc:2    | Reached skill level 13 in Fighting
 14732 | Orc:2    | Found Namniash's Jewellery Boutique.
 14733 | Orc:2    | Noticed an orc warlord
 14758 | Orc:2    | Found Taizeqoo's General Store.
 14759 | Orc:2    | Killed an orc warlord
 14850 | Orc:2    | Noticed Josephine
 15069 | Orc:2    | Bought a scroll of noise for 15 gold pieces
 15095 | Orc:2    | Killed Josephine
 15222 | Orc:2    | Found a staircase to the Elven Halls.
 15483 | Orc:1    | Noticed an ettin
 15505 | Orc:2    | Killed an ettin
 15909 | Orc:1    | Found a runed translucent door.
 15912 | Orc:1    | Noticed a balrug
 15974 | Orc:2    | Bought a runed helmet for 217 gold pieces
 16019 | Orc:1    | Bought a scroll of magic mapping for 127 gold pieces
 16019 | Orc:1    | Bought a scroll of teleportation for 51 gold pieces
 16019 | Orc:1    | Bought a scroll of enchant weapon for 127 gold pieces
 16019 | Orc:1    | Bought a scroll of identify for 34 gold pieces
 16022 | Orc:1    | Bought a scroll of identify for 34 gold pieces
 16050 | Orc:2    | Bought 2 scrolls of identify for 60 gold pieces
 16162 | D:9      | Reached skill level 1 in Evocations
 16162 | D:9      | Reached XP level 14. HP: 110/111 MP: 0/0
 16180 | Lair:1   | Reached skill level 14 in Fighting
 16657 | Lair:1   | Noticed a dire elephant
 16665 | Lair:1   | Killed a dire elephant
 17162 | Lair:2   | Found a staircase to the Snake Pit.
 17584 | Lair:2   | Found a staircase to the Swamp.
 18329 | Lair:3   | Reached skill level 5 in Armour
 18660 | Lair:3   | Reached ****** piety under Elyvilon
 18912 | Lair:4   | Found a blossoming altar of Fedhas.
 19170 | Lair:4   | HP: 5/112 [six-headed hydra (7)]
 19170 | Lair:4   | Elyvilon protects you from harm!
 20116 | Lair:5   | Entered Level 5 of the Lair of Beasts
 20268 | Lair:5   | Reached XP level 15. HP: 57/118 MP: 0/0
 20268 | Lair:5   | Learned a level 6 spell: Death Channel
 22013 | Lair:5   | Found a viscous altar of Jiyva.
 22013 | Lair:5   | Found a staircase to the Slime Pits.
 22433 | D:11     | Noticed Nergalle
 22435 | D:11     | Killed Nergalle
 22521 | D:11     | Reached skill level 10 in Dodging
 23191 | D:12     | Reached skill level 15 in Fighting
 23529 | D:12     | Elyvilon protects you from harm!
 23541 | D:12     | Reached skill level 10 in Invocations
 23581 | D:12     | Mangled by a phantasmal warrior

Illustrated notes

Levels and vault maps discovered:
D:1:      lightli_arrival_chessboard, layout_loops_ring, minmay_hedge_maze
D:2:      layout_loops_ring, basic_altar, amethyst_killhole, uniq_jessica,
          uniq_sigmund, uniq_robin
D:3:      layout_basic, mainiacjoe_overflow_swirl, mainiacjoe_overflow_chevrons,
          dreamdust_ecumenical_altar_statues
D:4:      layout_cave_pools, minmay_temple_entry_offerings,
          corexii_hall_statues_t
D:5:      layout_basic, nicolae_qazlal_general_emergency, gammafunk_ghost_hive,
          serial_shops, nicolae_shop_tiny_waterfront, shop,
          kennysheep_mini_moat, shop, shop_scrolls, uniq_ijyb
D:6:      layout_cave_pools, serial_rivers, chequers_serial_rivers_micro_a,
          chequers_serial_rivers_small_3, chequers_serial_rivers_micro_d,
          chequers_serial_rivers_room_a
D:7:      layout_rooms, hangedman_decor_points, minmay_between, uniq_joseph,
          uniq_pikel
D:8:      layout_loops_ring, nicolae_ossuary_entry_ruins,
          kennysheep_generic_room_5
D:9:      layout_basic, lair_entry_dummy, serial_shops, shop, uniq_maggie
D:10:     layout_roguey [special_room_bee], zombieorc2_lemuel,
          kennysheep_cross_room, kennysheep_generic_room_8, uniq_maurice,
          uniq_gastronok
D:11:     layout_roguey, uniq_nergalle
D:12:     layout_layer_cave
Lair:1:   layout_regular_city, nicolae_lair_lakeside_cave, lemuel_fruit_tree
Lair:2:   layout_hall_layers, palyth_hydra_swamp_entry,
          guppyfry_snake_entry_island, grunt_megastairs_1
Lair:3:   hellmonk_ruined_rings, layout_misc_corridors
Lair:4:   layout_long_grid, chequers_serial_rivers_large_b, st_stairs_8,
          tgw_fedhas, lemuel_fruit_fields
Lair:5:   hangedman_lair_tendril_chambers, layout_cave_pods,
          guppyfry_lair_end_dragon, dpeg_slime_entry_enclosed,
          wad_woods_road_02, ldierk_geyser, st_stairs_13,
          pdpol_lair_neglected_garden, nicolae_quartered_pool_medium
Orc:1:    dreamdust_dug_too_deep, layout_caves, serial_shops, shop, uniq_harold
Orc:2:    grunt_orc_gardens, layout_diamond_mine, grunt_orc_garden,
          grunt_orc_garden, grunt_orc_garden, grunt_orc_garden, uniq_josephine

Skill      XL: |  1  2  3  4  5  6  7  8  9 10 11 12 13 14 15 |
---------------+----------------------------------------------+-----
Fighting       | 1 2 3 5 6 7 8 10 12 13 14 15 | 15.0
Stealth        | 2 3 4 6 |  6.0
Spellcasting   | 3 4 5 6 7 8 9 |  9.2
Armour         | 2 4 5 |  5.0
Dodging        | 4 5 6 7 8 9 10 | 10.0
Invocations    | 4 6 8 9 10 | 10.0
Short Blades   | 1 4 6 8 9 |  9.6
Evocations     | 1 4 |  4.0

Action                     |  1- 3 |  4- 6 |  7- 9 | 10-12 | 13-15 || total
---------------------------+-------+-------+-------+-------+-------++-------
  Melee: Dagger            |       |     6 |    19 |   254 |   643 ||   922
         Demon blade       |       |     3 |       |       |       ||     3
         Punch             |       |       |       |     5 |    11 ||    16
  Throw: Dart              |       |       |       |     3 |       ||     3
         Throwing net      |       |       |       |     2 |       ||     2
         Boomerang         |       |       |       |       |     2 ||     2
   Cast: Sting             |    22 |     2 |       |       |     5 ||    29
         Poisonous Vapours |    18 |   113 |    72 |    61 |     3 ||   267
         Magic Dart        |     3 |    86 |   120 |   185 |     7 ||   401
         Static Discharge  |       |     1 |       |       |       ||     1
         Mephitic Cloud    |       |       |    14 |    31 |    47 ||    92
         Olgreb's Toxic Ra |       |       |     3 |    68 |   209 ||   280
         Summon Guardian G |       |       |     6 |    29 |    43 ||    78
         Portal Projectile |       |       |       |     1 |     1 ||     2
         Yara's Violent Un |       |       |       |       |     1 ||     1
 Invoke: Heal Other        |       |       |       |     3 |     9 ||    12
         Heal Self         |       |       |       |     3 |     2 ||     5
  Evoke: Wand              |       |       |       |     1 |     1 ||     2
    Use: Scroll            |       |       |     9 |    10 |    14 ||    33
   Stab: Sleeping          |       |     2 |     2 |    17 |    18 ||    39
         Confused          |       |       |     3 |     8 |    33 ||    44
         Held in net/web   |       |       |       |     1 |       ||     1
         Distracted        |       |       |       |       |     1 ||     1
 Armour: Robe              |     3 |     1 |       |       |     6 ||    10
         Steam dragon scal |       |    18 |    13 |    39 |       ||    70
         Leather armour    |       |       |       |    21 |    89 ||   110
  Dodge: Dodged            |     9 |    43 |    46 |   223 |   434 ||   755

Table legend: (Time is in decaauts)
 A = Elapsed time spent in this place.
 B = Non-inter-level travel time spent in this place.
 C = Inter-level travel time spent in this place.
 D = Time resting spent in this place.
 E = Time spent auto-exploring this place.
 F = Levels seen in this place.
 G = Mean time per level.
                   A        B        C        D        E       F      G
               +--------+--------+--------+--------+--------+-----+--------+
         Total |  23330 |  21695 |   1635 |    549 |  14836 |  20 | 1166.5 |
       Dungeon |  14022 |  13042 |    980 |    452 |   9066 |  12 | 1168.5 |
          Lair |   6494 |   6071 |    423 |     12 |   4369 |   5 | 1298.8 |
  Orcish Mines |   2189 |   1958 |    231 |     85 |   1039 |   2 | 1094.5 |
       Ossuary |    623 |    623 |      0 |      0 |    362 |   1 |  623.0 |
               +--------+--------+--------+--------+--------+-----+--------+

Top non-repeatable levels by time:
     D:5: 1830 daAuts
  Lair:5: 1797 daAuts
     D:9: 1777 daAuts
     D:2: 1653 daAuts
  Lair:4: 1441 daAuts
  Lair:1: 1396 daAuts
   Orc:2: 1320 daAuts
     D:8: 1200 daAuts
  Lair:2: 1197 daAuts
    D:10: 1193 daAuts
     D:7: 1182 daAuts
     D:1: 1176 daAuts
     D:6: 1052 daAuts
     D:4: 893 daAuts
   Orc:1: 869 daAuts
